 Dungeon Crawl Stone Soup version 0.29-a0-397-g846e4a0bbc (webtiles) character file.

Game seed: 9981334832850783751

100 horus123 the Skirmisher (level 5, 0/44 HPs)
             Began as a Human Fighter on May 11, 2022.
             Slain by a gnoll
             ... wielding a +0 spear
              (4 damage)
             ... on level 3 of the Dungeon.
             The game lasted 00:03:40 (2878 turns).

horus123 the Skirmisher (Human Fighter)             Turns: 2878, Time: 00:03:40

Health: 0/44       AC:  6    Str: 19    XL:     5   Next: 3%
Magic:  5/5        EV:  9    Int:  8    God:
Gold:   119        SH:  4    Dex: 12    Spells: 4/4 levels left

rFire   . . .      SeeInvis .   m - +0 morningstar
rCold   . . .      Faith    .   c - +0 buckler
rNeg    . . .      Spirit   .   b - +0 scale mail
rPois   .          Reflect  .   (no helmet)
rElec   .          Harm     .   (no cloak)
rCorr   .          Rampage  .   (no gloves)
Will    .....                   (no boots)
Stlth   ..........              (no amulet)
HPRegen 0.14/turn               (no ring)
MPRegen 0.09/turn               (no ring)

@: no status effects
A: no striking features
a: no special abilities


You were on level 3 of the Dungeon.
You visited 1 branch of the dungeon, and saw 3 of its levels.

You collected 119 gold pieces.

Inventory:

Hand Weapons
 a - a +0 flail
 m - a +0 morningstar (weapon)
Missiles
 f - 6 curare-tipped darts (quivered)
Armour
 b - a +0 scale mail (worn)
 c - a +0 buckler (worn)
Scrolls
 j - a scroll of summoning
 k - 2 scrolls of poison
 o - 3 scrolls of identify
Potions
 d - a potion of might
 e - 2 potions of curing
 g - 2 potions of attraction
 h - 2 potions of flight {unknown}
 i - a potion of haste {unknown}
 l - a potion of magic {unknown}
 n - a potion of mutation {unknown}


   Skills:
 + Level 5.3 Fighting
 - Level 2.0 Maces & Flails
 - Level 3.0 Armour
 - Level 3.0 Shields


You had 4 spell levels left.
You didn't know any spells.
Your spell library contained the following spells:

 Spells                   Type           Power      Damage    Failure   Level
 Cause Fear               Hex            0%         N/A       100%        4
 Dragon Form              Tmut           0%         N/A       100%        7
 Dragon's Call            Summ           0%         N/A       100%        9


Dungeon Overview and Level Annotations

Branches:
Dungeon (3/15)

Altars:


Message History

You barely miss the gnoll. The gnoll barely misses you.
The gnoll hits you with a +0 spear.
You hit the gnoll but do no damage. The gnoll hits you but does no damage.
You hit the gnoll.
The gnoll is lightly wounded.
You block the gnoll's attack. The gnoll hits you but does no damage.
You puncture the gnoll!
The gnoll is severely wounded.
The gnoll hits you with a +0 spear.
You hit the gnoll.
The gnoll is severely wounded.
The gnoll hits you with a +0 spear.
You closely miss the gnoll.
The gnoll is severely wounded.
The gnoll closely misses you. The gnoll hits you with a +0 spear.
You closely miss the gnoll.
The gnoll is severely wounded.
You block the gnoll's attack.
You barely miss the gnoll.
The gnoll is severely wounded.
The gnoll barely misses you. You block the gnoll's attack.
You hit the gnoll.
The gnoll is almost dead.
The gnoll hits you with a +0 spear.
* * * LOW HITPOINT WARNING * * *
You barely miss the gnoll.
The gnoll is almost dead.
The gnoll barely misses you. The gnoll hits you with a +0 spear.
* * * LOW HITPOINT WARNING * * *
You completely miss the gnoll.
The gnoll is almost dead.
You block the gnoll's attack.
You closely miss the gnoll.
The gnoll is almost dead.
The gnoll hits you with a +0 spear!
* * * LOW HITPOINT WARNING * * *
You completely miss the gnoll.
The gnoll is almost dead.
The gnoll hits you with a +0 spear.
You die...

#..†# #...# #.#.# #...#
##.#.## #...# #..#..# #...#
##.###.## #...# #..#[#..###
#...# ..##.##...#### ###.#
###...###....#####.#
..†.⌠...####....@g.#
###...###....#####.#
..##.##...####.....########.
#..#.#..###........g........
##.###.## ...#######.g.(....
.#..#..##.. #.#######
.##.#.###># ..!....)#
..#.#.# #.# ...).g#.#
#.#...# #.# ......#.#


You could see a gnoll.

Vanquished Creatures
  3 gnolls (D:3)
  An adder (D:3)
  2 worms (D:2)
  A dart slug (D:2)
  7 bats
  2 endoplasms (D:1)
  3 giant cockroaches
  7 goblins
  4 hobgoblins
  5 quokkas
  7 ball pythons
  A frilled lizard (D:1)
  3 kobolds
  2 rats
  A spectral kobold (D:1)
49 creatures vanquished.

Notes
Turn   | Place    | Note
-------+----------+-------------------------------------------
     0 | D:1      | horus123 the Human Fighter began the quest for the Orb.
     0 | D:1      | Reached XP level 1. HP: 18/18 MP: 1/1
   444 | D:1      | Reached XP level 2. HP: 13/24 MP: 2/2
   625 | D:1      | Found a faded altar of an unknown god.
   874 | D:1      | Reached skill level 4 in Fighting
   874 | D:1      | Reached XP level 3. HP: 30/30 MP: 3/3
  2222 | D:2      | Reached XP level 4. HP: 33/36 MP: 4/4
  2849 | D:3      | Reached skill level 5 in Fighting
  2864 | D:3      | Reached XP level 5. HP: 23/44 MP: 5/5
  2878 | D:3      | Slain by a gnoll

Illustrated notes

Levels and vault maps discovered:
D:1:      lightli_arrival_windingriver, layout_loops_ring,
          dreamdust_ecumenical_altar_drowned_temple, kennysheep_crisscross,
          minmay_tiny_reverse_x
D:2:      layout_loops_cross
D:3:      minmay_general_purpose_star, layout_basic, serial_shops,
          shop_fountains, lemuel_another_geyser

Skill      XL: |  1  2  3  4 |
---------------+-------------+-----
Fighting       | 4 5 |  5.3
Maces & Flails | |  2.0
Armour         | |  3.0
Shields        | |  3.0

Action                   |  1- 3 |  4- 6 || total
-------------------------+-------+-------++-------
Melee: Flail             |   110 |    18 ||   128
       Morningstar       |       |    30 ||    30
  Use: Scroll            |     3 |     6 ||     9
       Potion            |       |     1 ||     1
Armor: Scale mail        |    42 |    18 ||    60
Dodge: Dodged            |    44 |    23 ||    67
Block: Buckler           |    26 |    16 ||    42

Table legend: (Time is in decaauts)
 A = Elapsed time spent in this place.
 B = Non-inter-level travel time spent in this place.
 C = Inter-level travel time spent in this place.
 D = Time resting spent in this place.
 E = Time spent auto-exploring this place.
 F = Levels seen in this place.
 G = Mean time per level.
                   A        B        C        D        E       F      G
               +--------+--------+--------+--------+--------+-----+--------+
         Total |   2943 |   2905 |     38 |    514 |   1918 |   3 |  981.0 |
       Dungeon |   2943 |   2905 |     38 |    514 |   1918 |   3 |  981.0 |
               +--------+--------+--------+--------+--------+-----+--------+

Top non-repeatable levels by time:
     D:1: 1337 daAuts
     D:2: 1255 daAuts
     D:3: 349 daAuts
